 Dungeon Crawl Stone Soup version 0.16.1-18-g436b03c (webtiles) character file.

284 theElss the Cudgeler (level 6, -4/39 HPs)
             Began as a Gargoyle Berserker on May 12, 2015.
             Was a Priest of Trog.
             Killed by nerve-wracking pain
             ... invoked by Grinder
              (13 damage)
             ... while paralysed by Grinder
             ... on level 3 of the Dungeon.
             The game lasted 00:07:13 (2421 turns).

theElss the Cudgeler (Gargoyle Berserker)           Turns: 2421, Time: 00:07:13

Health: -4/39      AC: 12    Str: 22    XL:     6   Next: 29%
Magic:  6/6        EV:  2    Int:  7    God:    Trog [***...]
Gold:   64         SH:  0    Dex: 10    Spells: 0 memorised, 5 levels left

rFire  . . .     SeeInvis .     a - +0 mace
rCold  . . .     Clarity  .     s - +0 ring mail
rNeg   + . .     SustAb   .     (no shield)
rPois  ∞         Gourm    .     u - +1 helmet
rElec  +         Spirit   .     (no cloak)
rCorr  .         Warding  .     (no gloves)
rMut   .         Stasis   .     (no boots)
MR     .....                    (no amulet)
Stlth  ..........               q - +6 ring of evasion
                                p - ring of loudness (curse)

@: paralysed, exhausted, slowed, not resistant to hostile enchantments,
extremely unstealthy
A: negative energy resistance 1, electricity resistance, unbreathing,
petrification resistance, rot immunity, AC +4
a: Burn Spellbooks, Berserk, Trog's Hand, Renounce Religion


You were on level 3 of the Dungeon.
You worshipped Trog.
Trog was most pleased with you.
You were hungry.

You visited 1 branch of the dungeon, and saw 3 of its levels.

You collected 64 gold pieces.

Inventory:

Hand weapons
 a - a +0 mace (weapon)
Armour
 b - a +0 animal skin
 s - a +0 ring mail (worn)
 u - a +1 helmet (worn)
Jewellery
 p - a cursed ring of loudness (left hand)
 q - a +6 ring of evasion (right hand)
Magical devices
 w - a wand of slowing (26)
Scrolls
 d - a scroll of amnesia
 g - a scroll of immolation {unknown}
 h - a scroll of identify
 l - a scroll of enchant weapon {unknown}
 n - a scroll of random uselessness {unknown}
 o - 3 scrolls of teleportation
 r - a scroll of noise {unknown}
Potions
 e - 2 potions of degeneration {unknown}
 f - a potion of haste {unknown}
 j - a potion of heal wounds {unknown}
 k - 2 potions of curing {unknown}
 m - a potion of poison {unknown}
 t - a potion of ambrosia {unknown}
 v - a potion of brilliance {unknown}
Comestibles
 c - a bread ration
 i - 2 meat rations
 x - 3 chunks of flesh


   Skills:
 + Level 4.4 Fighting
 * Level 4.8 Maces & Flails
 + Level 3.8 Armour
 + Level 2.6 Dodging


You had 5 spell levels left.
You didn't know any spells.

Dungeon Overview and Level Annotations

Branches:
Dungeon (3/15)

Altars:
Gozag
Yredelemnul

Annotations:
D:3 Grinder


Innate Abilities, Weirdness & Mutations

You are resistant to torment.
You are immune to poison.
Your stone body is very resilient (AC +4).
You resist negative energy.
You are resistant to electric shocks.
You can survive without breathing.
You are immune to petrification.
You are immune to rotting.


Message History

Grinder is severely wounded.
Grinder hits you. Grinder closely misses you.
You sock Grinder!
Grinder is almost dead.
Grinder gestures.
Grinder blinks!
Grinder says, "Just stop there for a second..."
Grinder gestures.
Grinder blinks!
Evoke which item? (* to show all) (? for menu, Esc to quit)
Okay, then.
Grinder gestures at you.
You suddenly lose the ability to move!
Grinder says, "I used to sell toenails on the black market."
Grinder gestures at you. Pain shoots through your body!
* * * LOW HITPOINT WARNING * * *
Grinder gestures at you. Pain shoots through your body!
You die...

....######.####.#######.#
.#### #.# #.# .# #.####.#
.# ##......# #### .#
##...##### ... ##
##...(5## ###.###### .##
##.......###........#
..####.........##.#...##
.....+.........'@......#
..####.........##.###.##
.## ##.......###.# ##
##.....## #.# # ##.<.##
#.. # ##+## #.# # #.. #
### .


You could see Grinder.

Vanquished Creatures
  A scorpion (D:3)
  An orc priest (D:3)
  3 orc wizards (D:3)
  Ijyb (D:2)
  4 adders
  4 giant geckos
  2 oozes (D:1)
  8 orcs (D:3)
  4 giant cockroaches
  12 hobgoblins
  7 jackals (D:1)
  4 kobolds
  10 bats
  6 giant newts
  4 goblins
  8 rats
79 creatures vanquished.

Notes
Turn   | Place    | Note
--------------------------------------------------------------
     0 | D:1      | theElss, the Gargoyle Berserker, began the quest for the Orb.
     0 | D:1      | Reached XP level 1. HP: 14/14 MP: 1/1
    58 | D:1      | Reached XP level 2. HP: 14/19 MP: 2/2
   633 | D:1      | Reached XP level 3. HP: 21/23 MP: 3/3
   797 | D:1      | Acquired Trog's second power
   940 | D:2      | Noticed Ijyb
   960 | D:2      | Killed Ijyb
  1154 | D:2      | Found a basalt altar of Yredelemnul.
  1184 | D:2      | Reached XP level 4. HP: 25/29 MP: 4/4
  1340 | D:2      | Reached skill level 4 in Maces & Flails
  1852 | D:3      | Reached XP level 5. HP: 29/33 MP: 5/5
  2074 | D:3      | Found an opulent altar of Gozag.
  2251 | D:3      | Reached XP level 6. HP: 39/39 MP: 6/6
  2254 | D:3      | Received a gift from Trog
  2395 | D:3      | Noticed Grinder
  2395 | D:3      | Paralysed by Grinder for 7 turns
  2419 | D:3      | Paralysed by Grinder for 6 turns
  2421 | D:3      | Killed from afar by Grinder

Action                   |  1- 3 |  4- 6 || total
-------------------------+-------+-------++-------
Melee: Mace              |   141 |   183 ||   324
Invok: Berserk           |     2 |     1 ||     3
       Trog's Hand       |       |     1 ||     1
  Use: Scroll            |       |     2 ||     2
  Eat: Chunk             |     3 |     5 ||     8
